 Dungeon Crawl Stone Soup version 0.29.0-4-gdea44cf6ec (webtiles) character file.

Game seed: 268254116442098061

1116 qw the Cleaver (level 8, -6/70 HPs)
             Began as a Minotaur Berserker on Sept 5, 2022.
             Was a Priest of Trog.
             Killed from afar by an electric eel (8 damage)
             ... with a bolt of electricity
             ... on level 6 of the Dungeon.
             The game lasted 00:01:47 (5471 turns).

qw the Cleaver (Minotaur Berserker)                 Turns: 5471, Time: 00:01:48

Health: -6/70      AC:  8    Str: 23    XL:     8   Next: 12%
Magic:  7/7        EV: 10    Int:  4    God:    Trog [***...]
Gold:   131        SH:  0    Dex: 11    Spells: 7/7 levels left

rFire   . . .      SeeInvis .   h - +2 war axe (spect)
rCold   . . .      Faith    .   (no shield)
rNeg    . . .      Spirit   .   m - +0 scale mail
rPois   .          Reflect  .   (helmet restricted)
rElec   .          Harm     .   (no cloak)
rCorr   .          Rampage  .   (no gloves)
Will    .....                   c - +1 pair of boots
Stlth   ..........              (no amulet)
HPRegen 0.21/turn               (no ring)
MPRegen 0.10/turn               (no ring)

@: on berserk cooldown, slowed, very slow
A: horns 2, retaliatory headbutt
a: Renounce Religion, Berserk, Trog's Hand


You were on level 6 of the Dungeon.
You worshipped Trog.
Trog was most pleased with you.
You visited 1 branch of the dungeon, and saw 6 of its levels.

You collected 332 gold pieces.
You spent 201 gold pieces at shops.


Innate Abilities, Weirdness & Mutations

You have a pair of horns on your head.
You reflexively headbutt those who attack you in melee.


   Skills:
 - Level 6.1 Fighting
 - Level 11.0 Axes
 + Level 2.4 Armour
 - Level 2.1 Dodging


You had 7 spell levels left.
You didn't know any spells.
Your spell library was empty.

Inventory:

Hand Weapons
 e - a +0 vampiric whip
 h - a +2 spectral war axe (weapon)
Armour
 c - a +1 pair of boots (worn)
 m - a +0 scale mail (worn)
Jewellery
 i - a ring of ice
Scrolls
 g - 3 scrolls of identify
 l - a scroll of poison {unknown}
 n - a scroll of amnesia {unknown}
 p - a scroll of teleportation
Potions
 a - a potion of cancellation {unknown}
 b - a potion of heal wounds
 d - a potion of mutation
 f - a potion of haste
 j - a potion of curing
 k - a potion of magic {unknown}
 o - a potion of ambrosia {unknown}

Dungeon Overview and Level Annotations

Branches:
Dungeon (6/15)             Temple (0/1) D:5

Altars:
Kikubaaqudgha
Okawaru
Zin

Shops:
D:5 (


Message History

Your +2 spectral war axe hits the plant!
Your +2 spectral war axe hits the plant.
The electric eel shoots out a bolt of lightning at you!
The bolt of electricity hits the plant!
The bolt of electricity hits you!
The electric eel shoots out a bolt of lightning at you!
The bolt of electricity misses you.
The bolt of electricity hits your +2 spectral war axe.
Your +2 spectral war axe resists.
Your spectral weapon shares its damage with you!
The bolt of electricity hits the plant.
Your unstable footing causes you to fumble your attack.
The electric eel shoots out a bolt of lightning at you!
The bolt of electricity misses you.
The bolt of electricity hits the plant!
You slash the electric eel!
You kill the electric eel!
Trog accepts your kill.
You slash the plant!
Your +2 spectral war axe hits the plant! x2
A nearby plant withers and dies. x2
Your Axes skill increases to level 11!
A nearby plant withers and dies.
The electric eel shoots out a bolt of lightning at you!
The bolt of electricity hits you!
You feel a strong urge to attack something.
You are no longer berserk.
You are exhausted.
You feel yourself slow down.
The electric eel shoots out a bolt of lightning at you!
The bolt of electricity hits you!
The electric eel shoots out a bolt of lightning at you!
The bolt of electricity misses you.
The electric eel shoots out a bolt of lightning at you!
The bolt of electricity hits you!
The electric eel shoots out a bolt of lightning at you!
The bolt of electricity hits you!
The electric eel shoots out a bolt of lightning at you!
The bolt of electricity hits you.
The electric eel shoots out a bolt of lightning at you!
The bolt of electricity hits you!
You die...

#.# #.####.#####.#####
..# #........~~%.....#
#.#########..~~~~7###.#
#...........P~~~~~~~#.#
#.####.#.#~77P~~~~~~~.#
#.#.#77~~~~7~~~~.#
#.#.#77~~~~~~~~77#
#.#(~7P~~7~~~7~~P# ##
#.#.~~~~~@~~7~~~7# ..
..#.7~~~~~~~~P~~7 ##
###.~~~~S~~~~7~~~~
.~P~~~~~~~~~~~7~#
##~~~~~~~~~~~~~~7#
#77P~~~~S~~~~~77
7~~~S~~~~~~~~7
~~~~~~~~~~~~77 ~~~~~~


You could see 3 electric eels.

Vanquished Creatures
  A sky beast (D:6)
  An ice beast (D:6)
  A phantom (D:5)
  A bullfrog (D:6)
  2 necrophages (D:6)
  A scorpion (D:6)
  2 electric eels (D:6)
  A howler monkey (D:5)
  An orc priest (D:5)
  3 hounds (D:5)
  3 iguanas
  Jessica (D:3)
  4 orc wizards
  3 gnolls (D:2)
  5 adders
  An ufetubus (D:6)
  4 dart slugs
  13 orcs
  9 ball pythons
  2 endoplasms
  4 giant cockroaches
  2 goblins (D:4)
  9 hobgoblins
  6 jackals (D:2)
  10 kobolds
  4 quokkas
  11 bats
  2 frilled lizards (D:1)
  4 rats
111 creatures vanquished.

Vanquished Creatures (others)
  24 plants
24 creatures vanquished.

Grand Total: 135 creatures vanquished

Notes
Turn   | Place    | Note
-------+----------+-------------------------------------------
     0 | D:1      | qw the Minotaur Berserker began the quest for the Orb.
     0 | D:1      | Reached XP level 1. HP: 19/19 MP: 0/0
     0 | D:1      | 0 ||| qw: Version: 0.1-a-104-g96f76f8
     0 | D:1      | 0 ||| qw: Game counter: 5948
     0 | D:1      | 0 ||| qw: Always use a shield: true
     0 | D:1      | 0 ||| qw: Do Orc after D:15 true
     0 | D:1      | 0 ||| qw: Do second Lair branch before Depths: true
     0 | D:1      | 0 ||| qw: Lair rune preference: random
     0 | D:1      | 0 ||| qw: Plans: Normal
     0 | D:1      | 0 ||| PLANNING D:1-11
    41 | D:1      | 41 ||| INVOKING Berserk.
    44 | D:1      | Reached skill level 4 in Axes
   349 | D:1      | 349 ||| Stepping ~*~*~tactically~*~*~ (stealth).
   359 | D:1      | 359 ||| Stepping ~*~*~tactically~*~*~ (stealth).
   407 | D:1      | Reached XP level 2. HP: 26/26 MP: 1/1
   416 | D:1      | 416 ||| Stepping ~*~*~tactically~*~*~ (stealth).
   468 | D:1      | 468 ||| Stepping ~*~*~tactically~*~*~ (stealth).
   469 | D:1      | 469 ||| Stepping ~*~*~tactically~*~*~ (stealth).
   470 | D:1      | 470 ||| Stepping ~*~*~tactically~*~*~ (stealth).
   594 | D:1      | 594 ||| Stepping ~*~*~tactically~*~*~ (stealth).
   891 | D:1      | 891 ||| SWAPPING to +0 war axe.
   914 | D:1      | 914 ||| DROPPING +0 hand axe.
   925 | D:1      | 925 ||| Stepping ~*~*~tactically~*~*~ (hiding).
  1030 | D:1      | Reached skill level 5 in Axes
  1229 | D:1      | 1229 ||| UPGRADING to +0 leather armour.
  1239 | D:1      | 1239 ||| DROPPING +0 animal skin.
  1240 | D:1      | 1240 ||| UPGRADING to +0 ring mail.
  1250 | D:1      | 1250 ||| DROPPING +0 leather armour.
  1251 | D:1      | 1251 ||| READING scroll labelled JAAPROFINE.
  1256 | D:1      | 1256 ||| READING scroll labelled NICHUL XOSIRY.
  1257 | D:1      | 1257 ||| READING scroll labelled HAOWKY YMUA.
  1258 | D:1      | 1258 ||| READING scroll labelled CIUMMI JOYHAAR.
  1259 | D:1      | 1259 ||| READING scroll labelled KEIQ FECKIXEK.
  1260 | D:1      | 1260 ||| DRINKING 2 bubbling grey potions.
  1261 | D:1      | 1261 ||| DROPPING potion of degeneration.
  1279 | D:2      | Reached XP level 3. HP: 29/30 MP: 2/2
  1376 | D:2      | 1376 ||| INVOKING Berserk.
  1515 | D:2      | 1515 ||| DROPPING +0 whip.
  1518 | D:2      | 1518 ||| DROPPING +0 flail.
  1556 | D:2      | Reached XP level 4. HP: 32/39 MP: 3/3
  1627 | D:2      | Reached skill level 6 in Axes
  1684 | D:2      | 1684 ||| Stepping ~*~*~tactically~*~*~ (stealth).
  1692 | D:2      | Reached ** piety under Trog
  1967 | D:2      | 1967 ||| FLEEEEING.
  1968 | D:2      | 1968 ||| FLEEEEING.
  1969 | D:2      | 1969 ||| FLEEEEING.
  1970 | D:2      | 1970 ||| FLEEEEING.
  1971 | D:2      | 1971 ||| FLEEEEING.
  1972 | D:2      | 1972 ||| FLEEEEING.
  1973 | D:2      | 1973 ||| FLEEEEING.
  2028 | D:2      | 2028 ||| UPGRADING to +0 pair of boots.
  2033 | D:2      | 2033 ||| READING scroll labelled UPLIXU ZOC GYU.
  2034 | D:2      | 2034 ||| READING scroll labelled YXUNAAX CEPISA.
  2035 | D:2      | 2035 ||| READING scroll labelled WUCUNGU GIPS.
  2036 | D:2      | 2036 ||| READING scroll labelled VIEMNI PUHOONT.
  2037 | D:2      | 2037 ||| READING scroll labelled TOWIYW WUBAGH.
  2038 | D:2      | 2038 ||| READING 2 scrolls of identify.
  2038 | D:2      | 2038 ||| IDENTIFYING fuming orange potion
  2074 | D:3      | 2074 ||| SWAPPING to +2 vampiric hand axe.
  2075 | D:3      | 2075 ||| DROPPING +0 vorpal war axe.
  2078 | D:3      | Found a faded altar of an unknown god.
  2179 | D:3      | 2179 ||| Stepping ~*~*~tactically~*~*~ (stealth).
  2185 | D:3      | 2185 ||| INVOKING Berserk.
  2204 | D:3      | Reached skill level 7 in Axes
  2204 | D:3      | Reached XP level 5. HP: 36/45 MP: 4/4
  2289 | D:3      | Noticed Jessica
  2290 | D:3      | 2290 ||| Stepping ~*~*~tactically~*~*~ (hiding).
  2300 | D:3      | Killed Jessica
  2790 | D:3      | 2790 ||| UPGRADING to +0 scale mail.
  2800 | D:3      | 2800 ||| DROPPING +0 ring mail.
  2801 | D:3      | 2801 ||| DROPPING amulet of faith.
  2802 | D:3      | 2802 ||| READING scroll labelled YLAR KOSAGU.
  2903 | D:3      | 2903 ||| READING scroll labelled ISE AL MACAN.
  2904 | D:3      | 2904 ||| READING 2 scrolls of identify.
  2904 | D:3      | 2904 ||| IDENTIFYING purple potion
  3090 | D:4      | 3090 ||| Stepping ~*~*~tactically~*~*~ (stealth).
  3091 | D:4      | 3091 ||| Stepping ~*~*~tactically~*~*~ (stealth).
  3092 | D:4      | 3092 ||| Stepping ~*~*~tactically~*~*~ (stealth).
  3096 | D:4      | 3096 ||| INVOKING Berserk.
  3299 | D:4      | Found an iron altar of Okawaru.
  3424 | D:4      | Found a glowing silver altar of Zin.
  3541 | D:4      | 3541 ||| Stepping ~*~*~tactically~*~*~ (stealth).
  3714 | D:4      | 3714 ||| DRINKING 2 yellow potions.
  3715 | D:4      | 3715 ||| DROPPING potion of flight.
  3732 | D:5      | Entered Level 5 of the Dungeon
  3853 | D:5      | Found Muwuny's Weapon Shop.
  3856 | D:5      | 3856 ||| BUYING +2 war axe of freezing (201 gold).
  3856 | D:5      | Bought a +2 war axe of freezing for 201 gold pieces
  3856 | D:5      | 3856 ||| SWAPPING to +2 war axe of freezing.
  3857 | D:5      | 3857 ||| DROPPING +2 vampiric hand axe.
  3858 | D:5      | 3858 ||| READING scroll of brand weapon.
  3858 | D:5      | 3858 ||| BRANDING +2 war axe of freezing.
  3935 | D:5      | Reached skill level 8 in Axes
  3935 | D:5      | Reached XP level 6. HP: 52/52 MP: 5/5
  3940 | D:5      | 3940 ||| INVOKING Berserk.
  3942 | D:5      | Reached *** piety under Trog
  4078 | D:5      | Found an ancient bone altar of Kikubaaqudgha.
  4195 | D:5      | Reached skill level 9 in Axes
  4314 | D:5      | Reached XP level 7. HP: 60/60 MP: 6/6
  4418 | D:5      | Found a staircase to the Ecumenical Temple.
  4421 | D:5      | 4421 ||| READING 2 scrolls labelled MURENT QENI.
  4422 | D:5      | 4422 ||| READING scroll labelled IKHESI SAWO.
  4565 | D:5      | 4565 ||| DRINKING 2 fizzy yellow potions.
  4669 | D:5      | 4669 ||| READING 2 scrolls of identify.
  4669 | D:5      | 4669 ||| IDENTIFYING amethyst potion
  4670 | D:5      | 4670 ||| DROPPING potion of berserk rage.
  4671 | D:5      | 4671 ||| DROPPING scroll of fog.
  4850 | D:6      | 4850 ||| Stepping ~*~*~tactically~*~*~ (stealth).
  4906 | D:6      | 4906 ||| Stepping ~*~*~tactically~*~*~ (stealth).
  4911 | D:6      | 4911 ||| Stepping ~*~*~tactically~*~*~ (stealth).
  4952 | D:6      | Reached skill level 10 in Axes
  5029 | D:6      | 5029 ||| READING scroll of enchant armour.
  5029 | D:6      | 5029 ||| ENCHANTING +0 pair of boots.
  5048 | D:6      | Reached skill level 6 in Fighting
  5186 | D:6      | Reached XP level 8. HP: 70/70 MP: 7/7
  5216 | D:6      | 5216 ||| FLEEEEING.
  5217 | D:6      | 5217 ||| FLEEEEING.
  5218 | D:6      | 5218 ||| FLEEEEING.
  5219 | D:6      | 5219 ||| FLEEEEING.
  5220 | D:6      | 5220 ||| FLEEEEING.
  5221 | D:6      | 5221 ||| FLEEEEING.
  5384 | D:6      | 5384 ||| INVOKING Berserk.
  5400 | D:6      | 5400 ||| Stepping ~*~*~tactically~*~*~ (stealth).
  5452 | D:6      | 5452 ||| Stepping ~*~*~tactically~*~*~ (stealth).
  5461 | D:6      | 5461 ||| INVOKING Berserk.
  5469 | D:6      | Reached skill level 11 in Axes
  5471 | D:6      | HP: 17/70 [electric eel/bolt of electricity (13)]
  5471 | D:6      | HP: 8/70 [electric eel/bolt of electricity (9)]
  5471 | D:6      | HP: 2/70 [electric eel/bolt of electricity (6)]
  5471 | D:6      | Killed from afar by an electric eel

Levels and vault maps discovered:
D:1:      kennysheep_arrival_seaside, layout_basic, minmay_tromino_v7
D:2:      layout_rooms
D:3:      layout_basic, shapermc_ecumenical_altar_mp_ritualfount,
          kennysheep_another_room, corexii_corridor_pit,
          kennysheep_generic_room_15, uniq_jessica
D:4:      layout_loops_ring, lemuel_round_altar, mainiacjoe_overflow_alcove_2
D:5:      layout_basic, nicolae_kikubaaqudgha_miasma_corner, temple_hall,
          serial_shops, kennysheep_mini_moat
D:6:      layout_loops_ring, mainiacjoe_overflow_chevrons, serial_bayou_lake_a,
          uniq_eustachio

Skill      XL: |  1  2  3  4  5  6  7  8 |
---------------+-------------------------+-----
Axes           | 4 5 7 8 9 10 11 | 11.0
Fighting       | 4 6 |  6.1
Armour         | |  2.4
Dodging        | |  2.1

Action                   |  1- 3 |  4- 6 |  7- 9 || total
-------------------------+-------+-------+-------++-------
Melee: Hand axe          |    54 |    49 |       ||   103
       Headbutt          |    10 |    15 |     5 ||    30
       Punch             |     2 |       |       ||     2
       War axe           |    29 |    53 |    44 ||   126
Invok: Berserk           |     2 |     3 |     2 ||     7
  Use: Scroll            |     5 |    10 |     4 ||    19
       Potion            |     1 |     1 |     1 ||     3
Armor: Animal skin       |    14 |       |       ||    14
       Ring mail         |     6 |    30 |       ||    36
       Scale mail        |       |     8 |    10 ||    18
Dodge: Dodged            |    35 |    50 |    19 ||   104

Table legend:
 A = Non-vault XP
 B = Vault XP
 C = Vault XP percentage of total XP
 D = Non-vault monster count
 E = Vault monster count
 F = Vault count percentage of total count
                 A         B        C        D         E       F
            +---------+---------+-------+---------+---------+-------
      Total |    1548 |      47 |   2.9 |     105 |       6 |   5.4
            +---------+---------+-------+---------+---------+-------
        D:1 |      32 |       8 |  20.0 |      20 |       4 |  16.7
        D:2 |      97 |       0 |   0.0 |      25 |       0 |   0.0
        D:3 |      78 |      39 |  33.3 |      15 |       2 |  11.8
        D:4 |     105 |       0 |   0.0 |      16 |       0 |   0.0
        D:5 |     393 |       0 |   0.0 |      12 |       0 |   0.0
        D:6 |     843 |       0 |   0.0 |      17 |       0 |   0.0
            +---------+---------+-------+---------+---------+-------
